Match 23414576
Unlisted

Match 23414576
End
Panzergrenadier Squad
Selects Battlefield Espionage Battlegroup
250 Light Carrier
Selects Sector Subterfuge Beacon
Panzergrenadier Squad
Construct Light Support Kompanie
MG34 Team
Selects 250/3 Funkpanzerwagen
Panzerjäger Squad
2.5-tonne Medical Truck
Construct Mechanized Kompanie
Selects Plunder
8 Rad Armored Car
Selects Firestorm
Firestorm
Construct Panzerarmee Kommand
Panzergrenadier Squad
250/3 Funkpanzerwagen
Panzer III L Medium Tank
Firestorm
Selects Anti-Tank Incendiary Munitions
Selects Operation Skorpion
Walking Stuka Rocket Launcher
Fire Support Elements
Pak 38 Mechanized Group
Tungsten Core Ammunition
Firestorm
Panzer III L Medium Tank
Panzer III L Medium Tank
Pak 38 Mechanized Group
Firestorm
Panzer III L Medium Tank
Firestorm
Pak 38 Anti-tank Gun Team
Marder III Tank Destroyer
Der Locher
Joule
SneaKerz
gb_gbg
0
0

Comments sign in to comment!

No comments posted yet!